 Dungeon Crawl Stone Soup version 0.31.0-1-g2c135a008e (webtiles) character file.

Game seed: 11153214218742941963

282 qw the Shooter (level 6, -21/46 HPs)
             Began as a Djinni Hunter on Jan 23, 2024.
             Was an Initiate of Okawaru.
             Demolished by an ogre
             ... wielding a +0 giant club
              (27 damage)
             ... on level 4 of the Dungeon.
             The game lasted 00:00:20 (3217 turns).

qw the Shooter (Djinni Hunter)                      Turns: 3217, Time: 00:00:20

Health: -21/46     AC:  5    Str: 10    XL:     6   Next: 54%
Gold:   325        EV: 12    Int: 11    God:    Okawaru [......] SH:  0 Dex: 18

rFire   + + .        a - +0 shortbow (drain)
rCold   x . .        (shield currently unavailable)
rNeg    . . .        j - +0 ring mail
rPois   inf          (no helmet)
rElec   .            (no cloak)
rCorr   .            (no gloves)
SInv    .            (boots unavailable)
Will    .....        (no amulet)
Stlth   +            (no ring)
HPRegen 0.27/turn    (no ring)
MPRegen 0.00/turn

%: infuse magic (-22 HP)
@: flying
A: sickness immunity, fire resistance 2, cold vulnerability 1, float, innate
caster, HP casting, extra vitality 1
a: Renounce Religion


You were on level 4 of the Dungeon.
You worshipped Okawaru.
Okawaru was noncommittal.
You visited 2 branches of the dungeon, and saw 5 of its levels.

You collected 325 gold pieces.


Innate Abilities, Weirdness & Mutations

You are immune to sickness and miasma.
You are immune to poison.
Your flesh is very heat resistant. (rF++)
You are vulnerable to cold. (rC-)
You float through the air rather than walking.
You learn spells naturally, not from books.
Your magical power is your life essence.
You have superior vitality. (+4 MHP)


   Skills:
 + Level 3.1 Fighting
 - Level 5.0 Ranged Weapons
 - Level 1.2 Armour
 - Level 3.8 Dodging
 - Level 0.7 Stealth


You knew the following spells:

 Your Spells              Type           Power      Damage    Failure   Level
a - Sting                 Conj/Alch      0%         1d3       65%         1
b - Ensorcelled Hibernat  Hex/Ice        0%         N/A       80%         2
Your spell library was empty.

Inventory:

Hand Weapons
 a - a +0 shortbow of draining (weapon)
Armour
 j - a +0 ring mail (worn)
Scrolls
 b - a scroll of identify
Potions
 d - a potion of curing
 g - a potion of berserk rage {unknown}
 h - a potion of mutation {unknown}
 i - a potion of enlightenment

Dungeon Overview and Level Annotations

Branches:
Dungeon (4/15)             Temple (1/1) D:4

Altars:
Elyvilon
Fedhas
Gozag
Makhleb
Okawaru
Qazlal
Ru
Xom
Yredelemnul


Message History

The black bear barely misses you.
Enter note:
3208 ||| RETREEEEATING.
Enter note:
3209 ||| RETREEEEATING.
The black bear attacks as it pursues you!
The black bear bites you but does no damage.
The black bear claws you but does no damage. x2
Enter note:
3210 ||| RETREEEEATING.
Enter note:
3211 ||| RETREEEEATING.
The black bear attacks as it pursues you!
The black bear bites you. The black bear barely misses you. x2
You shoot an arrow.
The arrow hits the black bear but does no damage.
The black bear is heavily wounded.
The black bear bites you. The black bear claws you. x2
You shoot an arrow. The arrow hits the black bear.
You drain the black bear.
The black bear is severely wounded.
The black bear bites you but does no damage.
The black bear barely misses you.
The black bear claws you but does no damage.
You shoot an arrow. The arrow hits the black bear!
You kill the black bear!
Okawaru is honoured by your kill.
Your Dodging skill increases to level 3!
You shoot an arrow. The arrow hits the ogre.
The ogre is moderately wounded.
The ogre hits you with a +0 giant club!!
Ouch! That really hurt!
You hear a bark!
You shoot an arrow. The arrow hits the ogre.
You drain the ogre.
The ogre is heavily wounded.
The ogre closely misses you.
You shoot an arrow. The arrow hits the ogre!
The ogre is severely wounded.
The ogre hits you with a +0 giant club!!
Ouch! That really hurt!
You die...

##.........##..########
#####.#####...........
#.# #.########## #.#
#.# #.#####.# #<....#)#
#######.## #...# #.#@#
#.#O## ..#f.# #.###.##
.. #..### ..# ##...# ##
###....# ...).....
##....####


You could see an ogre (drained) and a sleepcap.

Vanquished Creatures
  A black bear (D:4)
  A bombardier beetle (D:3)
  4 gnolls (D:2)
  2 adders
  A dart slug (D:1)
  4 ribbon worms
  8 orcs
  3 bats
  9 endoplasms
  5 giant cockroaches
  7 goblins
  7 hobgoblins
  7 jackals
  2 quokkas
  5 ball pythons
  4 frilled lizards
  9 kobolds
  5 rats
84 creatures vanquished.

Notes
Turn   | Place    | Note
-------+----------+-------------------------------------------
     0 | D:1      | qw the Djinni Hunter began the quest for the Orb.
     0 | D:1      | Reached XP level 1. HP: 18/18 MP: 0/0
     0 | D:1      | 0 ||| qw: Version: 0.3-a-132-g3d54051
     0 | D:1      | 0 ||| qw: Game counter: 640
     0 | D:1      | 0 ||| qw: Melee chars always use a shield: true
     0 | D:1      | 0 ||| qw: God list: Okawaru
     0 | D:1      | 0 ||| qw: Allow faded altars: false
     0 | D:1      | 0 ||| qw: Do Orc after clearing Dungeon:15 true
     0 | D:1      | 0 ||| qw: Do second Lair branch before Depths: true
     0 | D:1      | 0 ||| qw: Lair rune preference: random
     0 | D:1      | 0 ||| qw: Goals: Normal
     0 | D:1      | 0 ||| PLANNING D:1-11
    97 | D:1      | Reached XP level 2. HP: 23/23 MP: 0/0
   248 | D:1      | Reached XP level 3. HP: 26/28 MP: 0/0
   248 | D:1      | Learned a level 1 spell: Sting
   275 | D:1      | Reached skill level 4 in Ranged Weapons
   670 | D:1      | 670 ||| UPGRADING to +0 ring mail.
   680 | D:1      | 680 ||| DROPPING +0 leather armour.
   681 | D:1      | 681 ||| READING scroll labelled QYTID YCHUECILL.
   782 | D:1      | 782 ||| READING 3 scrolls labelled SALLAO VOFAMEBB.
   783 | D:1      | 783 ||| READING scroll labelled ARAWESME FUPH.
   784 | D:1      | 784 ||| READING 3 scrolls labelled HOGUIZ IPSORE.
   784 | D:1      | 784 ||| IDENTIFYING glowing grey potion
   785 | D:1      | 785 ||| READING 2 scrolls of identify.
   785 | D:1      | 785 ||| IDENTIFYING emerald potion
   786 | D:1      | 786 ||| DROPPING scroll of butterflies.
   787 | D:1      | 787 ||| DROPPING 2 scrolls of fear.
   788 | D:1      | 788 ||| DROPPING potion of degeneration.
   979 | D:2      | 979 ||| RETREEEEATING.
   980 | D:2      | 980 ||| RETREEEEATING.
   981 | D:2      | 981 ||| RETREEEEATING.
   982 | D:2      | 982 ||| RETREEEEATING.
   983 | D:2      | 983 ||| RETREEEEATING.
   986 | D:2      | 986 ||| RETREEEEATING.
   987 | D:2      | 987 ||| RETREEEEATING.
   988 | D:2      | 988 ||| RETREEEEATING.
   989 | D:2      | 989 ||| FLEEEEING.
   990 | D:2      | 990 ||| RETREEEEATING.
   991 | D:2      | 991 ||| RETREEEEATING.
   993 | D:2      | 993 ||| RETREEEEATING.
   993 | D:2      | HP: 3/29 [gnoll/+0 flail (9)]
   994 | D:2      | 994 ||| DRINKING potion of heal wounds.
   996 | D:2      | Reached skill level 1 in Armour
  1000 | D:2      | Reached XP level 4. HP: 9/34 MP: 0/0
  1004 | D:2      | HP: 8/34 [gnoll/+0 spear (1)]
  1009 | D:2      | Reached skill level 3 in Fighting
  1281 | D:2      | 1281 ||| FLEEEEING.
  1537 | D:2      | Reached XP level 5. HP: 40/40 MP: 0/0
  1537 | D:2      | Learned a level 2 spell: Ensorcelled Hibernation
  1701 | D:2      | 1701 ||| FLEEEEING.
  1707 | D:2      | 1707 ||| STAIRDANCE
  1729 | D:1      | 1729 ||| READING 3 scrolls of identify.
  1729 | D:1      | 1729 ||| IDENTIFYING golden potion
  1730 | D:1      | 1730 ||| READING 2 scrolls of identify.
  1730 | D:1      | 1730 ||| IDENTIFYING purple potion
  1731 | D:1      | 1731 ||| READING scroll of identify.
  1731 | D:1      | 1731 ||| IDENTIFYING scroll labelled FUTTEPLAVONK
  1732 | D:1      | 1732 ||| DROPPING scroll of immolation.
  1733 | D:1      | 1733 ||| DROPPING potion of lignification.
  2082 | D:3      | 2082 ||| STAIRDANCE
  2084 | D:2      | 2084 ||| FLEEEEING.
  2513 | D:3      | Found a stormy altar of Qazlal.
  2529 | D:3      | 2529 ||| FLEEEEING.
  2587 | D:3      | 2587 ||| FLEEEEING.
  2794 | D:3      | Reached skill level 5 in Ranged Weapons
  2991 | D:3      | 2991 ||| DROPPING scarf of shadows.
  2992 | D:3      | 2992 ||| DROPPING ring of wizardry.
  2993 | D:3      | 2993 ||| READING scroll of identify.
  2993 | D:3      | 2993 ||| IDENTIFYING black potion
  2994 | D:3      | 2994 ||| READING scroll labelled TELITADEMO.
  2995 | D:3      | 2995 ||| READING scroll labelled RIS URGHIKLECUM.
  2995 | D:3      | 2995 ||| BRANDING +0 shortbow.
  2996 | D:3      | 2996 ||| DRINKING 2 smoky emerald potions.
  2997 | D:3      | 2997 ||| DROPPING potion of brilliance.
  3050 | D:4      | Reached XP level 6. HP: 46/46 MP: 0/0
  3050 | D:4      | Found a staircase to the Ecumenical Temple.
  3051 | D:4      | 3051 ||| PLANNING TEMPLE
  3070 | Temple   | Entered the Ecumenical Temple
  3071 | Temple   | 3071 ||| PLANNING OKAWARU WORSHIP
  3078 | Temple   | Became a worshipper of Warmaster Okawaru
  3079 | Temple   | 3079 ||| PLANNING D:1-11
  3202 | D:4      | Noticed a black bear
  3205 | D:4      | Noticed an ogre
  3206 | D:4      | 3206 ||| RETREEEEATING.
  3207 | D:4      | 3207 ||| RETREEEEATING.
  3208 | D:4      | 3208 ||| RETREEEEATING.
  3209 | D:4      | 3209 ||| RETREEEEATING.
  3210 | D:4      | 3210 ||| RETREEEEATING.
  3211 | D:4      | 3211 ||| RETREEEEATING.
  3214 | D:4      | Killed a black bear
  3215 | D:4      | Reached skill level 3 in Dodging
  3215 | D:4      | HP: 5/46 [ogre/+0 giant club (29)]
  3217 | D:4      | Demolished by an ogre

Levels and vault maps discovered:
D:1:      eino_arrival_cavern_a, layout_basic
D:2:      minmay_chambers_of_twos, layout_basic
D:3:      layout_basic, nicolae_qazlal_scattered_showers, item_on_display_a
D:4:      minmay_general_purpose_star, layout_loops_ring, zin_angel,
          minmay_temple_entry_crystal_x, minmay_puff
Temple:   hellmonk_temple_rainy

Skill      XL: |  1  2  3  4  5  6 |
---------------+-------------------+-----
Ranged Weapons | 4 5 |  5.0
Armour         | 1 |  1.2
Fighting       | 3 |  3.1
Dodging        | 3 |  3.8
Stealth        | |  0.7

Action                     |  1- 3 |  4- 6 || total
---------------------------+-------+-------++-------
   Fire: Shortbow          |    96 |   204 ||   300
    Use: Scroll            |     5 |     6 ||    11
         Potion            |     1 |     1 ||     2
 Armour: Leather armour    |    20 |       ||    20
         Ring mail         |    10 |   105 ||   115
  Dodge: Dodged            |    37 |    77 ||   114

Table legend:
 A = Non-vault XP
 B = Vault XP
 C = Vault XP percentage of total XP
 D = Non-vault monster count
 E = Vault monster count
 F = Vault count percentage of total count
                 A         B        C        D         E       F
            +---------+---------+-------+---------+---------+-------
      Total |     262 |     142 |  35.1 |      75 |       9 |  10.7
            +---------+---------+-------+---------+---------+-------
        D:1 |      45 |       0 |   0.0 |      26 |       0 |   0.0
        D:2 |     103 |      14 |  12.0 |      21 |       8 |  27.6
        D:3 |     103 |       0 |   0.0 |      23 |       0 |   0.0
        D:4 |      11 |     128 |  92.1 |       5 |       1 |  16.7
            +---------+---------+-------+---------+---------+-------
